 Dungeon Crawl Stone Soup version 0.19.5 (webtiles) character file.

99 devil0150 the Magician (level 4, -8/27 HPs)
             Began as a High Elf Wizard on Apr 10, 2017.
             Killed by divine providence
             ... invoked by an orc priest
              (12 damage)
             ... on level 3 of the Dungeon.
             The game lasted 00:12:27 (3305 turns).

devil0150 the Magician (High Elf Wizard)            Turns: 3305, Time: 00:12:27

Health: -8/27      AC:  3    Str:  6    XL:     4   Next: 45%
Magic:  11/11      EV: 13    Int: 22    God:
Gold:   93         SH:  0    Dex: 14    Spells: 5 memorised, 2 levels left

rFire  . . .     SeeInvis .     n - +2 mace (protect)
rCold  . . .     Gourm    .     a - +0 robe
rNeg   . . .     Faith    .     (no shield)
rPois  .         Spirit   .     b - +1 hat
rElec  .         Reflect  .     (no cloak)
rCorr  .         Harm     .     (no gloves)
MR     .....                    (no boots)
Stlth  ++........               (no amulet)
                                (no ring)
                                (no ring)

@: no status effects
A: no striking features
a: no special abilities


You were on level 3 of the Dungeon.
You were not hungry.

You visited 1 branch of the dungeon, and saw 3 of its levels.

You collected 93 gold pieces.

Inventory:

Hand Weapons
 e - a +0 dagger
 h - a +0 dagger
 n - a +2 mace of protection (weapon)
 p - a +0 war axe of electrocution
Armour
 a - a +0 robe (worn)
 b - a +1 hat (worn)
 i - a +0 robe
Wands
 f - a wand of lightning (6/15)
Scrolls
 k - 2 scrolls of enchant armour
Potions
 g - a potion of curing
 l - a potion of resistance {unknown}
 m - 2 potions of heal wounds {unknown}
 q - a potion of mutation {unknown}
 r - a potion of ambrosia {unknown}
Books
 c - a book of Minor Magic

   Spells                             Type                      Level
   a - Magic Dart                     Conjuration                  1
   b - Blink                          Translocation                2
   c - Call Imp                       Summoning                    2
   d - Repel Missiles                 Charms/Air                   2
   e - Slow                           Hexes                        2
   f - Conjure Flame                  Conjuration/Fire             3
   g - Mephitic Cloud                 Conjuration/Poison/Air       3
 t - a book of Changes

   Spells                             Type                      Level
   a - Beastly Appendage              Transmutation                1
   b - Sticks to Snakes               Transmutation                2
   c - Spider Form                    Transmutation/Poison         3
   d - Ice Form                       Ice/Transmutation            4
   e - Blade Hands                    Transmutation                5
Comestibles
 d - 2 bread rations
 j - a slice of pizza
 o - a meat ration
 s - 2 chunks of flesh


   Skills:
 + Level 2.8 Dodging
 + Level 2.4 Stealth
 + Level 4.9 Spellcasting
 + Level 2.6 Conjurations
 + Level 0.8 Summonings
 + Level 1.1 Translocations


You had 2 spell levels left.
You knew the following spells:

 Your Spells              Type           Power        Failure   Level  Hunger
a - Magic Dart            Conj           ###.         4%          1    None
b - Call Imp              Summ           #.......     12%         2    None
c - Blink                 Tloc           N/A          12%         2    None
d - Sticks to Snakes      Tmut           #.......     17%         2    None
e - Mephitic Cloud        Conj/Pois/Air  #.......     21%         3    ##.....


Dungeon Overview and Level Annotations

Branches:
Dungeon (3/15)

Altars:
Ashenzari


Message History

The orc closely misses you.
The orc priest calls down the wrath of Beogh upon you.
Beogh smites you!
Ouch! That really hurt!
The orc closely misses you.
You see here a rat corpse.
The orc misses you.
You see here a rat corpse.
The orc barely misses you.
There is a stone staircase leading up here.
The orc priest invokes the aid of Beogh against you.
Pain shoots through your body!
* * * LOW HITPOINT WARNING * * *
The orc hits you with a flail.
* * * LOW HITPOINT WARNING * * *
You see here a rat corpse.
The orc priest casts a cantrip, but nothing happens.
The orc priest invokes the aid of Beogh against you.
Beogh smites you!
You die...

#.#
#######.#†#######
#.# #.......#.#
#.# #.#######.#
#.# #.# #o# #.#
#.# #.# ##.###.#
#.# #......# #o#
######.# #.# ###
#@# #........
#########


You could see an orc priest and an orc.

Vanquished Creatures
  Natasha (D:2)
  5 leopard geckos
  2 orcs (D:3)
  A ball python (D:2)
  7 bats
  4 giant cockroaches
  6 goblins
  11 hobgoblins
  3 jackals (D:1)
  6 frilled lizards
  7 kobolds
  8 rats
61 creatures vanquished.

Notes
Turn   | Place    | Note
-------+----------+-------------------------------------------
     0 | D:1      | devil0150 the High Elf Wizard began the quest for the Orb.
     0 | D:1      | Reached XP level 1. HP: 11/11 MP: 6/6
   203 | D:1      | Reached XP level 2. HP: 17/17 MP: 5/7
   235 | D:1      | Reached skill level 4 in Spellcasting
   914 | D:1      | Reached XP level 3. HP: 21/21 MP: 4/9
  2175 | D:2      | Noticed Natasha
  2187 | D:2      | HP: 1/21 [iron imp[Natasha] (9)]
  2563 | D:2      | Killed Natasha
  2563 | D:2      | Reached XP level 4. HP: 9/27 MP: 7/11
  2773 | D:2      | Found a shattered altar of Ashenzari.
  3063 | D:3      | Learned a level 2 spell: Call Imp
  3066 | D:3      | Learned a level 2 spell: Blink
  3069 | D:3      | Learned a level 2 spell: Sticks to Snakes
  3073 | D:3      | Learned a level 3 spell: Mephitic Cloud
  3305 | D:3      | Killed from afar by an orc priest

Skill      XL: |  1  2  3 |
---------------+----------+-----
Spellcasting   | 4 |  4.9
Conjurations   | 2 |  2.6
Dodging        | |  2.8
Stealth        | |  2.4
Summonings     | |  0.8
Translocations | |  1.1

Action                   |  1- 3 |  4- 6 || total
-------------------------+-------+-------++-------
Melee: Dagger            |    25 |       ||    25
       Mace              |    12 |     2 ||    14
 Cast: Magic Dart        |   121 |    23 ||   144
  Use: Scroll            |     7 |     2 ||     9
       Potion            |     1 |       ||     1
  Eat: Chunk             |     4 |       ||     4
       Meat ration       |       |     1 ||     1
Armor: Robe              |     7 |     4 ||    11
Dodge: Dodged            |    49 |     8 ||    57
